 Dungeon Crawl Stone Soup version 0.31-a0-640-g39d97e502b (webtiles) character file.

Game seed: 7766406566076276285

344 qw the Shooter (level 6, -1/40 HPs)
             Began as a Gargoyle Hunter on Aug 27, 2023.
             Slain by an orc
             ... wielding a +0 hand axe
              (2 damage)
             ... on level 4 of the Dungeon.
             The game lasted 00:01:10 (2238 turns).

qw the Shooter (Gargoyle Hunter)                    Turns: 2238, Time: 00:01:10

Health: -1/40      AC: 10    Str: 14    XL:     6   Next: 58%
Magic:  6/6        EV: 15    Int: 10    God:
Gold:   267        SH:  0    Dex: 15    Spells: 5/5 levels left

rFire   . . .        Y - +0 shortbow
rCold   . . .        (shield currently unavailable)
rNeg    + . .        e - +0 ring mail
rPois   inf          (no helmet)
rElec   +            (no cloak)
rCorr   .            (no gloves)
SInv    .            b - +0 pair of boots
Will    .....        (no amulet)
Stlth   +            f - +5 ring of evasion
HPRegen 0.26/turn    (no ring)
MPRegen 0.10/turn

%: no passive effects
@: no status effects
A: sickness immunity, AC +4, negative energy resistance 1, electricity
resistance, torment resistance 1, petrification resistance
a: no special abilities


You were on level 4 of the Dungeon.
You visited 1 branch of the dungeon, and saw 4 of its levels.

You collected 267 gold pieces.


Innate Abilities, Weirdness & Mutations

You are immune to sickness and miasma.
Your stone body is resilient. (AC +4)
You are immune to poison.
You resist negative energy. (rN+)
You are resistant to electric shocks. (rElec)
You are resistant to unholy torment.
You are immune to petrification.


   Skills:
 - Level 4.8 Fighting
 + Level 6.4 Ranged Weapons
 - Level 1.0 Armour
 - Level 1.5 Dodging
 - Level 1.1 Stealth


You had 5 spell levels left.
You didn't know any spells.
Your spell library was empty.

Inventory:

Hand Weapons
 Y - a +0 shortbow (weapon)
Armour
 b - a +0 pair of boots (worn)
 e - a +0 ring mail (worn)
 k - a +0 helmet
Jewellery
 c - an amulet of guardian spirit
 f - a +5 ring of evasion (left hand)
 j - an amulet of magic regeneration
Scrolls
 a - 2 scrolls of identify
Potions
 d - 2 potions of cancellation
 g - a potion of lignification {unknown}
 h - a potion of resistance {unknown}
 i - a potion of berserk rage {unknown}

Dungeon Overview and Level Annotations

Branches:
Dungeon (4/15)
 Temple: D:4-7

Altars:
Trog
Uskayaw
Xom

Annotations:
D:3 3 runed translucent doors, qw's ghost, amateur GrHu


Message History

The ball python grabs you. The ball python constricts you.
You shoot an arrow. The arrow hits the ball python.
You kill the ball python!
The hobgoblin hits you but does no damage.
The gnoll hits you from afar with a +0 spear.
The hobgoblin misses you. The orc barely misses you.
You shoot an arrow. The arrow barely misses the hobgoblin.
The arrow hits the gnoll.
The gnoll is moderately wounded.
The gnoll hits you from afar with a +0 spear.
The orc hits you but does no damage.
The hobgoblin hits you but does no damage.
You shoot an arrow. The arrow hits the hobgoblin.
The hobgoblin is severely wounded.
The gnoll is no longer moving quickly.
The gnoll barely misses you. The orc closely misses you.
The hobgoblin closely misses you.
You shoot an arrow. The arrow hits the hobgoblin!
You kill the hobgoblin!
The gnoll hits you from afar with a +0 spear.
The orc misses you.
You shoot an arrow. The arrow hits the orc.
The orc is almost dead.
The gnoll is no longer moving quickly.
The gnoll hits you from afar with a +0 spear.
The orc closely misses you. x2
You shoot an arrow. The arrow barely misses the orc.
The arrow closely misses the gnoll.
The gnoll closely misses you. The orc hits you but does no damage.
The orc zaps a wand.
You barely resist. You shoot an arrow.
The arrow hits the orc but does no damage.
The orc is almost dead.
The gnoll misses you. The orc hits you with a +0 hand axe.
The orc closely misses you. The gnoll completely misses you.
You shoot an arrow. The arrow hits the orc.
You kill the orc!
Your attacks no longer feel as feeble.
The orc hits you with a +0 hand axe. The gnoll closely misses you.
The orc hits you with a +0 hand axe.
You die...

#..##.#
#..##.##########
###..##.#.....<..#
.#o....#.#........#
.......#..........#
.#.#..............#
.....))g#.........#
##....#o#.#...#####
##..g)@#.###%#
#..####.# #)## #.
...###).## #
##......#
#.###..####### #.
#........# .#
#........##
#........#.
.......#.%....#.


You could see 2 gnolls and an orc.

Vanquished Creatures
  A phantom (D:4)
  A gnoll bouda (D:4)
  2 orc wizards (D:3)
  5 gnolls
  5 adders
  A worm (D:2)
  2 dart slugs
  9 orcs
  8 ball pythons
  4 bats
  6 endoplasms
  4 giant cockroaches
  5 goblins
  8 hobgoblins
  8 jackals
  2 quokkas
  2 frilled lizards
  6 kobolds
  8 rats
87 creatures vanquished.

Notes
Turn   | Place    | Note
-------+----------+-------------------------------------------
     0 | D:1      | qw the Gargoyle Hunter began the quest for the Orb.
     0 | D:1      | Reached XP level 1. HP: 12/12 MP: 1/1
     0 | D:1      | 0 ||| qw: Version: 0.3-a-74-g0d5e918
     0 | D:1      | 0 ||| qw: Game counter: 154
     0 | D:1      | 0 ||| qw: Melee chars always use a shield: true
     0 | D:1      | 0 ||| qw: God list: Okawaru
     0 | D:1      | 0 ||| qw: Allow faded altars: false
     0 | D:1      | 0 ||| qw: Do Orc after clearing Dungeon:15 true
     0 | D:1      | 0 ||| qw: Do second Lair branch before Depths: true
     0 | D:1      | 0 ||| qw: Lair rune preference: random
     0 | D:1      | 0 ||| qw: Goals: Normal
     0 | D:1      | 0 ||| PLANNING D:1-11
   146 | D:1      | Reached XP level 2. HP: 17/17 MP: 2/2
   719 | D:1      | 719 ||| UPGRADING to +5 ring of evasion.
   720 | D:1      | 720 ||| READING scroll labelled CUQESCH XEPETZ.
   721 | D:1      | 721 ||| DROPPING scroll of butterflies.
   776 | D:2      | Reached XP level 3. HP: 21/21 MP: 3/3
   793 | D:2      | Reached skill level 5 in Ranged Weapons
  1057 | D:2      | Reached skill level 3 in Fighting
  1155 | D:2      | 1155 ||| UPGRADING to +0 pair of boots.
  1160 | D:2      | 1160 ||| UPGRADING to +0 ring mail.
  1170 | D:2      | 1170 ||| DROPPING +0 leather armour.
  1171 | D:2      | 1171 ||| READING 2 scrolls of identify.
  1171 | D:2      | 1171 ||| IDENTIFYING bubbling sapphire potion
  1197 | D:3      | Reached XP level 4. HP: 28/28 MP: 4/4
  1200 | D:3      | 1200 ||| Stepping ~*~*~tactically~*~*~ (retreating).
  1201 | D:3      | 1201 ||| Stepping ~*~*~tactically~*~*~ (retreating).
  1202 | D:3      | 1202 ||| Stepping ~*~*~tactically~*~*~ (outnumbered).
  1204 | D:3      | Reached skill level 1 in Armour
  1205 | D:3      | 1205 ||| Stepping ~*~*~tactically~*~*~ (outnumbered).
  1218 | D:3      | Reached XP level 5. HP: 11/32 MP: 5/5
  1264 | D:3      | 1264 ||| FLEEEEING.
  1265 | D:3      | 1265 ||| STAIRDANCE
  1300 | D:2      | 1300 ||| READING scroll labelled WICSEE COLO.
  1307 | D:3      | 1307 ||| STAIRDANCE
  1435 | D:3      | Found a bloodstained altar of Trog.
  1435 | D:3      | Found a shimmering altar of Xom.
  1503 | D:3      | Reached skill level 6 in Ranged Weapons
  1615 | D:3      | Found a faded altar of an unknown god.
  1723 | D:3      | Found a runed translucent gate.
  1724 | D:3      | Found a runed translucent gate.
  1725 | D:3      | Found a runed translucent gate.
  1726 | D:3      | Noticed qw's ghost (amateur GrHu)
  1831 | D:3      | 1831 ||| READING scroll labelled YRHIFE NARCHIAWNU.
  1832 | D:3      | 1832 ||| READING scroll labelled FOUGRO PUCHOU.
  1866 | D:4      | Found a hide-covered altar of Uskayaw.
  1891 | D:4      | Noticed a phantom
  1912 | D:4      | Killed a phantom
  1913 | D:4      | Reached XP level 6. HP: 35/40 MP: 6/6
  2213 | D:4      | 2213 ||| Stepping ~*~*~tactically~*~*~ (outnumbered).
  2215 | D:4      | 2215 ||| Stepping ~*~*~tactically~*~*~ (outnumbered).
  2231 | D:4      | HP: 10/40 [gnoll/+0 spear[a gnoll bouda] (2)]
  2237 | D:4      | HP: 7/40 [orc/+0 hand axe (1)]
  2238 | D:4      | HP: 1/40 [orc/+0 hand axe (6)]
  2238 | D:4      | Slain by an orc

Levels and vault maps discovered:
D:1:      ebering_trefoil_3fold, layout_loops_ring
D:2:      layout_rooms
D:3:      layout_rooms, amethyst_overflow_temple_binary,
          ebering_ghost_rock_garden, chequers_ecumenical_altar_twisty
D:4:      layout_basic, eat_drink_and_be_merry_uskayaw

Skill      XL: |  1  2  3  4  5 |
---------------+----------------+-----
Ranged Weapons | 5 6 |  6.4
Fighting       | 3 4 |  4.8
Armour         | 1 |  1.0
Dodging        | |  1.5
Stealth        | |  1.1

Action                     |  1- 3 |  4- 6 || total
---------------------------+-------+-------++-------
   Fire: Shortbow          |   145 |   167 ||   312
    Use: Scroll            |     2 |     3 ||     5
 Armour: Leather armour    |    35 |       ||    35
         Ring mail         |     5 |    65 ||    70
  Dodge: Dodged            |    98 |   128 ||   226

Table legend:
 A = Non-vault XP
 B = Vault XP
 C = Vault XP percentage of total XP
 D = Non-vault monster count
 E = Vault monster count
 F = Vault count percentage of total count
                 A         B        C        D         E       F
            +---------+---------+-------+---------+---------+-------
      Total |     495 |       0 |   0.0 |      87 |       0 |   0.0
            +---------+---------+-------+---------+---------+-------
        D:1 |      25 |       0 |   0.0 |      15 |       0 |   0.0
        D:2 |      54 |       0 |   0.0 |      23 |       0 |   0.0
        D:3 |     205 |       0 |   0.0 |      29 |       0 |   0.0
        D:4 |     211 |       0 |   0.0 |      20 |       0 |   0.0
            +---------+---------+-------+---------+---------+-------
